 Dungeon Crawl Stone Soup version 0.29-a0-1033-gb6c65ffae6 (webtiles) character file.

Game seed: 8687465414213624120

458 spaghetti the Grave Robber (level 7, -1/58 (59) HPs)
             Began as an Ogre Necromancer on Aug 14, 2022.
             Was a Follower of Sif Muna.
             Slain by a killer bee (6 damage)
             ... on level 4 of the Dungeon.
             The game lasted 00:06:26 (5637 turns).

spaghetti the Grave Robber (Ogre Necromancer)       Turns: 5637, Time: 00:06:26

HP:   -1/58 (59)    AC:  3    Str: 13    XL:     7   Next: 6%
MP:   4/14          EV:  9    Int: 24    God:    Sif Muna [*.....]
Gold: 178           SH:  0    Dex:  9    Spells: 8/16 levels left

rFire   . . .      SeeInvis .   (no weapon)
rCold   . . .      Faith    .   (no shield)
rNeg    + . .      Spirit   .   a - +0 robe
rPois   .          Reflect  .   (helmet restricted)
rElec   .          Harm     .   (no cloak)
rCorr   .          Rampage  .   (gloves unavailable)
Will    .....                   (boots unavailable)
Stlth   ..........              (no amulet)
HPRegen 0.19/turn               n - ring of wizardry
MPRegen 0.14/turn               I - ring of Udumayr {rN+ Int+6 Stlth-}

@: lethally poisoned (-1 -> -16), animating dead, lightly drained
A: large, unfitting armour, tough skin 1
a: Renounce Religion, Channel Magic


You were on level 4 of the Dungeon.
You worshipped Sif Muna.
Sif Muna was aware of your devotion.
You visited 1 branch of the dungeon, and saw 4 of its levels.

You collected 178 gold pieces.


Innate Abilities, Weirdness & Mutations

You are too large for most types of armour.
You have tough skin. (AC +1)


   Skills:
 - Level 1.7 Dodging
 - Level 1.4 Stealth
 + Level 5.3 Spellcasting
 + Level 5.4 Necromancy
 + Level 3.5 Invocations


You had 8 spell levels left.
You knew the following spells:

 Your Spells              Type           Power      Damage    Failure   Level
a - Necrotise             Necr           100%       1d9       1%          1
b - Vampiric Draining     Necr           32%        2d8       1%          3
c - Animate Dead          Necr           32%        N/A       3%          4

Your spell library contained the following spells:

 Spells                   Type           Power      Damage    Failure   Level
 Ozocubu's Armour         Ice            6%         N/A       11%         3
 Agony                    Necr           32%        N/A       11%         5
 Fireball                 Conj/Fire      3%         3d4       65%         5
 Starburst                Conj/Fire      3%         6d3       99%         6
 Ozocubu's Refrigeration  Ice            3%         4d8       100%        7
 Ignition                 Fire           3%         3d4       100%        8

Inventory:

Hand Weapons
 g - a +0 dagger {short}
   (You found it on level 1 of the Dungeon)
 i - a +0 dagger {short}
   (You took it off a kobold on level 1 of the Dungeon)
 k - a +0 club {mace}
   (You took it off a kobold on level 1 of the Dungeon)
 l - a +0 club {mace}
   (You took it off a kobold on level 1 of the Dungeon)
 m - a +0 club {mace}
   (You took it off a gnoll on level 2 of the Dungeon)
 o - a +0 dagger {short}
   (You took it off a goblin on level 1 of the Dungeon)
 p - a +0 short sword {short}
   (You took it off a kobold on level 2 of the Dungeon)
 r - a +0 short sword {short}
   (You took it off a kobold on level 2 of the Dungeon)
 t - a +0 dagger {short}
   (You took it off a goblin on level 2 of the Dungeon)
 u - a +0 sling
   (You took it off a goblin on level 2 of the Dungeon)
 v - a +0 flail {mace}
   (You took it off a gnoll on level 2 of the Dungeon)
 w - a +0 flail {mace}
   (You took it off a gnoll on level 2 of the Dungeon)
 x - a +0 flail {mace}
   (You took it off a gnoll on level 2 of the Dungeon)
 y - a +0 whip {mace}
   (You took it off a kobold on level 2 of the Dungeon)
 A - a +0 mace {mace}
   (You found it on level 2 of the Dungeon)
 B - a +0 halberd {polearm}
   (You found it on level 2 of the Dungeon)
 E - a +0 dagger {short}
   (You took it off a goblin on level 2 of the Dungeon)
 F - a +0 dagger {short}
   (You took it off a goblin on level 2 of the Dungeon)
 H - a +0 club {mace}
   (You took it off a goblin on level 2 of the Dungeon)
 J - a +0 club {mace}
   (You took it off a goblin on level 3 of the Dungeon)
 L - a +0 dagger {short}
   (You took it off an orc on level 3 of the Dungeon)
 N - a +0 dagger {short}
   (You took it off an orc on level 3 of the Dungeon)
 Q - a +0 club {mace}
   (You took it off a goblin on level 3 of the Dungeon)
 R - a +0 dagger {short}
   (You took it off an orc on level 4 of the Dungeon)
 S - a +0 short sword {short}
   (You took it off an orc on level 4 of the Dungeon)
 T - a +0 war axe {axe}
   (You took it off an orc on level 4 of the Dungeon)
 U - a +0 hand axe {axe}
   (You took it off an orc on level 4 of the Dungeon)
 V - a +0 club {mace}
   (You took it off an orc priest on level 4 of the Dungeon)
 W - a +0 short sword {short}
   (You found it on level 4 of the Dungeon)
 X - a +0 club {mace}
   (You found it on level 4 of the Dungeon)
 Y - a +0 club {mace}
   (You took it off an orc on level 4 of the Dungeon)
 Z - a +0 club {mace}
   (You took it off an orc on level 4 of the Dungeon)
Missiles
 e - 14 stones {throwing}
Armour
 a - a +0 robe (worn)
Jewellery
 n - a ring of wizardry (left hand)
   (You found it on level 1 of the Dungeon)
 I - the ring of Udumayr (right hand) {rN+ Int+6 Stlth-}
   (You found it on level 2 of the Dungeon)

   [ring of positive energy]

   Int:       It affects your intelligence (+6).
   rN:        It protects you from negative energy.
   Stlth:     It makes you less stealthy.
Wands
 O - a wand of flame (10)
   (You found it on level 3 of the Dungeon)
Scrolls
 c - 2 scrolls of silence {unknown}
 f - 2 scrolls of blinking {unknown}
 h - a scroll of enchant armour {unknown}
 j - 2 scrolls of enchant weapon {unknown}
 q - a scroll of fog {unknown}
 D - a scroll of brand weapon {unknown}
 M - a scroll of identify {unknown}
 P - a scroll of magic mapping {unknown}
Potions
 b - 2 potions of magic
 d - 2 potions of haste {@q3}
 s - 3 potions of mutation {unknown}
 z - a potion of curing {unknown}
 C - a potion of degeneration {unknown}
 G - 2 potions of heal wounds {unknown}
 K - a potion of brilliance {unknown}

Dungeon Overview and Level Annotations

Branches:
Dungeon (4/15) Zot: 18364
 Temple: D:4-7

Altars:
Cheibriados
Fedhas
Gozag
Hepliaklqana
Nemelex Xobeh
Sif Muna
Trog
Uskayaw

#........ #........ #........
#........ #........ #........
#yy...... ##############@y.?....
#.........>..yyy...... #...
###.#######..###........ #...
...Z#######..# #........ #...
###.#........# #########+## #...
........####.###########..# #...
###.###................#..## #...
#.....#.####.#########.#...###...
#..>..#.# #.................'...


You could see 6 killer bees.


Message History

Aim: a hobgoblin (moderately wounded, ally target, chance to affect: 93%)
The hobgoblin writhes in agony.
You feel sick.
Your orc zombie hits the hobgoblin.
The hobgoblin dies!
Sif Muna accepts your kill. 😮 HP[-1] MP[-1]
You take 1 damage, and now have 37/58 hp.
You lost 1 mp, and now have 10/14 mp.
Casting: Necrotise (safe; 1% risk of failure)
Confirm with . or Enter, or press ? or * to list all spells.
You can't see any susceptible monsters within range! (Use Z to cast anyway.)
Casting: Necrotise (safe; 1% risk of failure)
Confirm with . or Enter, or press ? or * to list all spells.
You can't see any susceptible monsters within range! (Use Z to cast anyway.)
Casting: Necrotise (safe; 1% risk of failure)
Confirm with . or Enter, or press ? or * to list all spells.
You can't see any susceptible monsters within range! (Use Z to cast anyway.)
You feel sick.
You are no longer poisoned.
Your ball python skeleton crumbles into dust!
Your adder skeleton crumbles into dust!
Key pressed, stopping explore.
Key pressed, stopping explore.
Key pressed, stopping explore.
You swap places.
Key pressed, stopping explore.
Found a stone staircase leading down. 😎 HP[+21] MP[+4]
Your hp is fully restored (58).
Your mp is fully restored (14).
There is a stone staircase leading down here.
You open the door. 2 killer bees come into view.
The killer bee buzzes angrily.
A killer bee comes into view.
There are monsters nearby!
There are monsters nearby!
There are monsters nearby!
A killer bee comes into view.
The killer bee buzzes angrily. x2
A killer bee comes into view. x2
There is an open door here.
Casting: Necrotise (safe; 1% risk of failure)
Confirm with . or Enter, or press ? or * to list all spells.
You dismiss your zombies and call upon the dead to rise afresh.
The killer bee buzzes angrily.
Your orc zombie crumbles into dust! x2
The killer bee stings you.
The killer bee stings you but does no damage. 😕 HP[-1] MP[-4]
You take 1 damage, and now have 57/58 hp.
You lost 4 mp, and now have 10/14 mp.
The killer bee stings you. x2; The killer bee stings you!
The killer bee stings you but does no damage.
The killer bee closely misses you. 😮 HP[-16]
You take 16 damage, and now have 41/58 hp.
MASSIVE DAMAGE!! (PAUSE) Unknown command.
Casting: Animate Dead (dangerous; 3% risk of failure)
Confirm with . or Enter, or press ? or * to list all spells.
Aiming: Vampiric Draining (safe; 1% risk of failure)
Press: ? - help, Shift-Dir - straight line, f - killer bee
Aim: a killer bee You draw life force from the killer bee!
You feel life coursing into your body. The killer bee barely misses you.
The killer bee stings you. x2; The killer bee barely misses you.
The killer bee stings you.
* * * LOW HITPOINT WARNING * * *
The killer bee barely misses you. The killer bee stings you.
* * * LOW HITPOINT WARNING * * *
You are poisoned.
The killer bee poisons you! The killer bee stings you.
* * * LOW HITPOINT WARNING * * *
😨 HP[-16] MP[-3]
You take 16 damage, and now have 25/58 hp.
MASSIVE DAMAGE!! (PAUSE)
You lost 3 mp, and now have 7/14 mp.
Casting: Vampiric Draining (safe; 1% risk of failure)
Confirm with . or Enter, or press ? or * to list all spells.
Aiming: Vampiric Draining (safe; 1% risk of failure)
Press: ? - help, Shift-Dir - straight line, f/p - killer bee
Aim: a killer bee (heavily wounded)
You draw life force from the killer bee.
You feel life coursing into your body.
You feel sick.
The killer bee stings you but does no damage.
The killer bee stings you.
* * * LOW HITPOINT WARNING * * *
The killer bee barely misses you. The killer bee stings you.
* * * LOW HITPOINT WARNING * * *
You are more poisoned.
The killer bee poisons you! The killer bee barely misses you. x2
The killer bee stings you.
* * * LOW HITPOINT WARNING * * *
The killer bee stings you!
* * * LOW HITPOINT WARNING * * *
The killer bee stings you but does no damage.
The killer bee stings you.
* * * LOW HITPOINT WARNING * * *
The killer bee closely misses you. The killer bee stings you.
You die...

Skill      XL: |  1  2  3  4  5  6 |
---------------+-------------------+-----
Spellcasting   | 3 4 5 |  5.3
Necromancy     | 4 5 |  5.4
Invocations    | 1 3 |  3.5
Dodging        | |  1.7
Stealth        | |  1.4

Action                   |  1- 3 |  4- 6 |  7- 9 || total
-------------------------+-------+-------+-------++-------
Melee: Unarmed           |     9 |    46 |    15 ||    70
       Punch             |       |     2 |       ||     2
Throw: Stone             |       |     1 |       ||     1
 Cast: Necrotise         |    53 |    88 |    13 ||   154
       Animate Dead      |       |     6 |     1 ||     7
       Vampiric Draining |       |     1 |     4 ||     5
Invok: Channel Magic     |       |       |     1 ||     1
Evoke: Wand              |       |    11 |       ||    11
  Use: Potion            |       |     2 |       ||     2
Armor: Robe              |    11 |    29 |    10 ||    50
       Skin              |       |     2 |       ||     2
Dodge: Dodged            |    18 |    33 |    16 ||    67

Levels and vault maps discovered:
D:1:      wander_arrival_lonely_grave, layout_loops_corners
D:2:      layout_basic, chequers_ecumenical_altar_island
D:3:      layout_loops_ring, minmay_overflow_temple_hex,
          mainiacjoe_overflow_boulevard, uniq_grinder
D:4:      layout_basic, dk_noncrumbling_2, chequers_serial_rivers_room_a,
          st_stairs_3

Notes
Turn   | Place    | Note
-------+----------+-------------------------------------------
     0 | D:1      | spaghetti the Ogre Necromancer began the quest for the Orb.
     0 | D:1      | Reached XP level 1. HP: 16/16 MP: 3/3
     0 | D:1      | magus.rc [v1.9.6]
   522 | D:1      | Reached XP level 2. HP: 21/24 MP: 0/5
   897 | D:1      | Reached skill level 3 in Spellcasting
  1443 | D:2      | Reached skill level 4 in Necromancy
  1553 | D:2      | Reached XP level 3. HP: 26/31 MP: 2/7
  1557 | D:2      | Learned a level 3 spell: Vampiric Draining
  1813 | D:2      | Found a faded altar of an unknown god.
  1830 | D:2      | Prayed at the altar of an unknown god.
  1830 | D:2      | Became a worshipper of Sif Muna the Loreminder
  1830 | D:2      | Reached * piety under Sif Muna
  1889 | D:2      | Reached XP level 4. HP: 39/39 MP: 5/9
  1937 | D:2      | Reached skill level 1 in Invocations
  1940 | D:2      | HP: 4/39 [gnoll/+0 club (7)]
  1946 | D:2      | Reached skill level 4 in Spellcasting
  2354 | D:2      | Learned a level 4 spell: Animate Dead
  2402 | D:2      | HP: 9/39 [poisoned by an adder]
  2896 | D:2      | Reached XP level 5. HP: 45/45 MP: 5/11
  3060 | D:2      | Identified the ring of Udumayr {rN+ Int+6 Stlth-}
  3498 | D:3      | Found a bloodstained altar of Trog.
  3599 | D:3      | You pick up a book of Fire and begin reading...
  3599 | D:3      | You add the spells Fireball, Starburst and Ignition to your
                  | library.
  3944 | D:3      | Noticed Grinder
  3957 | D:3      | Killed Grinder
  3958 | D:3      | Reached skill level 5 in Necromancy
  3958 | D:3      | Reached skill level 3 in Invocations
  3958 | D:3      | Reached XP level 6. HP: 33/53 MP: 8/13
  4168 | D:3      | Found an opulent altar of Gozag.
  4168 | D:3      | Found a hazy altar of Hepliaklqana.
  4168 | D:3      | Found a blossoming altar of Fedhas.
  4168 | D:3      | Found a hide-covered altar of Uskayaw.
  4176 | D:3      | Found a snail-covered altar of Cheibriados.
  4188 | D:3      | Found a sparkling altar of Nemelex Xobeh.
  4267 | D:4      | Reached skill level 5 in Spellcasting
  4773 | D:4      | You add the spells Ozocubu's Armour and Ozocubu's
                  | Refrigeration to your library.
  4952 | D:4      | HP: 13/52 [orc/+2 flail of draining (1)]
  4953 | D:4      | Reached XP level 7. HP: 15/57 MP: 1/14
  5637 | D:4      | HP: 13/58 [killer bee (4)]
  5637 | D:4      | HP: 6/58 [killer bee (7)]
  5637 | D:4      | Slain by a killer bee

Vanquished Creatures
  Grinder (D:3)
  An orc priest (D:4)
  An iguana (D:4)
  4 gnolls (D:2)
  7 adders
  A shadow imp (D:4)
  2 dart slugs (D:4)
  14 orcs
  10 ball pythons
  2 bats
  5 endoplasms
  3 giant cockroaches
  7 goblins
  6 hobgoblins
  A jackal (D:1)
  3 quokkas
  5 frilled lizards
  6 kobolds
  A rat (D:1)
80 creatures vanquished.

Vanquished Creatures (collateral kills)
  A dart slug (D:4)
  A hobgoblin (D:4)
  A jackal (D:1)
3 creatures vanquished.

Vanquished Creatures (others)
  5 orc zombies (D:4)
5 creatures vanquished.

Grand Total: 88 creatures vanquished

Table legend:
 A = Non-vault XP
 B = Vault XP
 C = Vault XP percentage of total XP
 D = Non-vault monster count
 E = Vault monster count
 F = Vault count percentage of total count
                 A         B        C        D         E       F
            +---------+---------+-------+---------+---------+-------
      Total |     359 |     296 |  45.2 |      80 |       3 |   3.6
            +---------+---------+-------+---------+---------+-------
        D:1 |      25 |       0 |   0.0 |      15 |       0 |   0.0
        D:2 |     148 |       0 |   0.0 |      28 |       0 |   0.0
        D:3 |      21 |     281 |  93.0 |      10 |       1 |   9.1
        D:4 |     165 |      15 |   8.3 |      27 |       2 |   6.9
            +---------+---------+-------+---------+---------+-------

Illustrated notes

Table legend:
 A = Kills in this place as a percentage of kills in entire the game.
 B = Kills by you in this place as a percentage of kills by you in the entire game.
 C = Kills by friends in this place as a percentage of kills by friends in the entire game.
 D = Other kills in this place as a percentage of other kills in the entire game.
 E = Experience gained in this place as a percentage of experience gained in the entire game.
 F = Experience gained in this place divided by the number of levels of this place that you have seen.
                   A       B       C       D       E      F
               +-------+-------+-------+-------+-------+----------------------
         Total | 100.0 | 100.0 | 100.0 |   N/A | 100.0 | 163.8
       Dungeon | 100.0 | 100.0 | 100.0 |   N/A | 100.0 | 163.8
               +-------+-------+-------+-------+-------+----------------------

Table legend: (Time is in decaauts)
 A = Elapsed time spent in this place.
 B = Non-inter-level travel time spent in this place.
 C = Inter-level travel time spent in this place.
 D = Time resting spent in this place.
 E = Time spent auto-exploring this place.
 F = Levels seen in this place.
 G = Mean time per level.
                   A        B        C        D        E       F      G
               +--------+--------+--------+--------+--------+-----+--------+
         Total |   5634 |   5582 |     52 |     28 |   5053 |   4 | 1408.5 |
       Dungeon |   5634 |   5582 |     52 |     28 |   5053 |   4 | 1408.5 |
               +--------+--------+--------+--------+--------+-----+--------+

Top non-repeatable levels by time:
     D:2: 1853 daAuts
     D:1: 1438 daAuts
     D:4: 1406 daAuts
     D:3: 935 daAuts
